 Dungeon Crawl Stone Soup version 0.31.0-11-ge490571c62 (webtiles) character file.

Game seed: 6229152361418355700

379 qw the Shooter (level 6, 0/33 HPs)
             Began as a Spriggan Hunter on Feb 5, 2024.
             Slain by Ijyb
             ... wielding a +0 dagger
              (2 damage)
             ... on level 3 of the Dungeon.
             The game lasted 00:00:50 (2437 turns).

qw the Shooter (Spriggan Hunter)                    Turns: 2437, Time: 00:00:51

Health: 0/33       AC: -2    Str:  7    XL:     6   Next: 45%
Magic:  0/7        EV: 20    Int: 11    God:
Gold:   122        SH:  0    Dex: 20    Spells: 5/5 levels left

rFire   . . .        a - +0 shortbow
rCold   . . .        (shield currently unavailable)
rNeg    . . .        c - +0 robe
rPois   .            (helmet restricted)
rElec   .            (no cloak)
rCorr   .            (gloves unavailable)
SInv    +            (boots unavailable)
Will    +....        d - amulet of guardian spirit
Stlth   ++           (no ring)
HPRegen 0.25/turn    (no ring)
MPRegen 0.10/turn

%: guardian spirit
@: about to teleport, corroded, very quick
A: very small, no large weapons, unfitting armour, see invisible, speed 3
a: no special abilities


You were on level 3 of the Dungeon.
You visited 1 branch of the dungeon, and saw 3 of its levels.

You collected 122 gold pieces.


Innate Abilities, Weirdness & Mutations

You are very small and have problems with some larger weapons.
You are too small for most types of armour.
You have supernaturally acute eyesight. (SInv)
You cover ground extremely quickly. (Speed+++)


   Skills:
 - Level 3.8 Fighting
 + Level 5.6 Ranged Weapons
 - Level 5.0 Dodging
 - Level 1.5 Stealth


You had 5 spell levels left.
You didn't know any spells.
Your spell library was empty.

Inventory:

Hand Weapons
 a - a +0 shortbow (weapon)
Armour
 c - a +0 robe (worn)
Jewellery
 b - an amulet of the acrobat
 d - an amulet of guardian spirit (around neck)
Scrolls
 h - a scroll of identify
 k - a scroll of fear {unknown}
Potions
 e - a potion of resistance
 j - a potion of brilliance {unknown}

Dungeon Overview and Level Annotations

Branches:
Dungeon (3/15)

Altars:
The Shining One

Shops:
D:1 !

Annotations:
D:3 1 runed translucent door, Crazy Yiuf, Ijyb


Message History

You shoot an arrow. The arrow closely misses the centaur.
The centaur shoots an arrow.
The arrow hits you!
Ijyb the Twisted Goblin comes into view.
She is wielding a +0 dagger, wearing a +3 leather armour of poison resistance and carrying a wand of acid.
The centaur shoots an arrow.
The arrow completely misses you.
2414 ||| READING 2 scrolls of teleportation.
As you read the scroll of teleportation, it crumbles to dust.
You feel strangely unstable.
The centaur unwields a +0 orcbow.
The centaur barely misses you. The centaur completely misses you.
You shoot an arrow.
The arrow hits the centaur but does no damage.
The centaur is severely wounded.
The centaur misses you. The centaur kicks you.
You shoot an arrow.
The arrow hits the centaur but does no damage.
The centaur is severely wounded.
The centaur closely misses you. x2; The centaur barely misses you.
The centaur kicks you.
You shoot an arrow. The arrow barely misses the centaur.
The centaur closely misses you. The centaur misses you.
The centaur barely misses you. The centaur kicks you.
You shoot an arrow. The arrow hits the centaur!
You kill the centaur!
Your surroundings suddenly seem different.
You start resting.
Ijyb is nearby!
You shoot an arrow. The arrow hits Ijyb but does no damage.
You shoot an arrow. The arrow barely misses Ijyb.
You shoot an arrow. The arrow hits Ijyb.
Ijyb is moderately wounded.
You shoot an arrow. The arrow closely misses Ijyb.
You shoot an arrow. The arrow closely misses Ijyb.
Ijyb zaps a wand.
The bolt of acid hits you! The acid corrodes you!
2436 ||| READING scroll of teleportation.
As you read the scroll of teleportation, it crumbles to dust.
You feel strangely unstable. Ijyb screams, "I cut your head off!"
You shoot an arrow. The arrow barely misses Ijyb.
Ijyb hits you with a +0 dagger.
You die...

### #.# # #.# #. ##### #.#
##.###.... ######.#########
#.....5# # ..#...........##
#......# # #g#...#.###@...#
#..##))# #
#)#.......g.#..####..#...#
######.....#.###.#........#..##
.....###.#.#...#.#..#.###.....#
#.#..#
#.#.#...###.######.#.#####
#.#..#
#.#..)..#........#.#.....#
.....#
#.......#.....#..#...#.#.#
....####.#####.......#
#.###.#.# .......%.# ###.....#
#.##.....


You could see Ijyb.

Vanquished Creatures
  Grinder (D:3)
  A centaur (D:3)
  3 adders
  3 dart slugs
  A ribbon worm (D:2)
  5 orcs (D:3)
  5 endoplasms
  3 giant cockroaches
  5 goblins
  5 hobgoblins
  4 jackals (D:3)
  A quokka (D:3)
  5 ball pythons
  3 bats
  11 frilled lizards
  7 kobolds
  8 rats
71 creatures vanquished.

Notes
Turn   | Place    | Note
-------+----------+-------------------------------------------
     0 | D:1      | qw the Spriggan Hunter began the quest for the Orb.
     0 | D:1      | Reached XP level 1. HP: 10/10 MP: 2/2
     0 | D:1      | 0 ||| qw: Version: 0.3-a-160-g6735b56
     0 | D:1      | 0 ||| qw: Game counter: 6374
     0 | D:1      | 0 ||| qw: Melee chars always use a shield: true
     0 | D:1      | 0 ||| qw: God list: Okawaru
     0 | D:1      | 0 ||| qw: Allow faded altars: false
     0 | D:1      | 0 ||| qw: Do Orc after clearing Dungeon:15 true
     0 | D:1      | 0 ||| qw: Do second Lair branch before Depths: true
     0 | D:1      | 0 ||| qw: Lair rune preference: random
     0 | D:1      | 0 ||| qw: Goals: Normal
     0 | D:1      | 0 ||| PLANNING D:1-11
     3 | D:1      | Found Myikurhi's Distillery.
    25 | D:1      | 25 ||| SHOPLISTING 2 potions of curing (60 gold, have 0).
    25 | D:1      | 25 ||| SHOPLISTING potion of curing (30 gold, have 0).
    25 | D:1      | 25 ||| SHOPLISTING potion of heal wounds (50 gold, have 0).
    25 | D:1      | 25 ||| SHOPLISTING potion of mutation (80 gold, have 0).
    31 | D:1      | Reached skill level 3 in Dodging
   205 | D:1      | Reached XP level 2. HP: 14/14 MP: 3/3
   652 | D:1      | Reached XP level 3. HP: 18/18 MP: 4/4
   695 | D:1      | 695 ||| UPGRADING to amulet of guardian spirit.
   700 | D:1      | 700 ||| READING scroll labelled ODIMPILOURR.
   701 | D:1      | 701 ||| READING scroll labelled PYZAIG BODAU.
   702 | D:1      | 702 ||| READING 2 scrolls labelled BUTSYMUCANK.
   702 | D:1      | 702 ||| IDENTIFYING fizzy puce potion
   703 | D:1      | 703 ||| READING scroll of identify.
   703 | D:1      | 703 ||| IDENTIFYING brown potion
   704 | D:1      | 704 ||| DROPPING scroll of butterflies.
   705 | D:1      | 705 ||| DROPPING potion of magic.
   846 | D:2      | 846 ||| READING scroll of identify.
   846 | D:2      | 846 ||| IDENTIFYING glowing inky potion
   847 | D:2      | 847 ||| READING scroll labelled HAMOWA CEFIVAM.
  1143 | D:2      | Found a faded altar of an unknown god.
  1647 | D:2      | Reached XP level 4. HP: 22/22 MP: 5/5
  1690 | D:2      | 1690 ||| READING scroll of identify.
  1690 | D:2      | 1690 ||| IDENTIFYING fizzy inky potion
  1691 | D:2      | 1691 ||| READING scroll labelled NEUDUNICYO.
  1703 | D:3      | 1703 ||| STAIRDANCE
  2024 | D:3      | Found a runed translucent door.
  2025 | D:3      | Noticed Crazy Yiuf
  2105 | D:3      | Found a glowing golden altar of the Shining One.
  2160 | D:3      | Noticed Grinder
  2161 | D:3      | 2161 ||| DRINKING potion of haste.
  2165 | D:3      | 2165 ||| FLEEEEING.
  2174 | D:3      | HP: 4/22 [Grinder (4)]
  2175 | D:3      | 2175 ||| READING 2 scrolls of teleportation.
  2176 | D:3      | 2176 ||| DRINKING potion of heal wounds.
  2266 | D:3      | Paralysed by Grinder for 5 turns
  2271 | D:3      | Killed Grinder
  2272 | D:3      | Reached skill level 3 in Fighting
  2272 | D:3      | Reached XP level 5. HP: 19/29 MP: 2/6
  2272 | D:3      | Reached XP level 6. HP: 21/33 MP: 2/7
  2413 | D:3      | HP: 8/33 [centaur/arrow (12)]
  2413 | D:3      | Noticed Ijyb
  2414 | D:3      | 2414 ||| READING 2 scrolls of teleportation.
  2435 | D:3      | HP: 1/33 [Ijyb/bolt of acid (9)]
  2436 | D:3      | 2436 ||| READING scroll of teleportation.
  2437 | D:3      | Slain by Ijyb

Levels and vault maps discovered:
D:1:      dpeg_arrival_connections, layout_loops_ring, serial_shops,
          nicolae_shop_temple_entry_statues_fountains
D:2:      minmay_wonky_spiral, layout_basic,
          hellmonk_ecumenical_altar_heavens_door, minmay_lizard_king
D:3:      layout_basic, tso_metal_star, minmay_crystal_room, minmay_liquid_box,
          kennysheep_generic_room_11, uniq_grinder, uniq_ijyb,
          uniq_crazy_yiuf_cottage

Skill      XL: |  1  2  3  4 |
---------------+-------------+-----
Dodging        | 3 4 5 |  5.0
Ranged Weapons | 5 |  5.6
Fighting       | 3 |  3.8
Stealth        | |  1.5

Action                     |  1- 3 |  4- 6 || total
---------------------------+-------+-------++-------
   Fire: Shortbow          |   117 |    84 ||   201
    Use: Scroll            |     6 |     5 ||    11
         Potion            |       |     2 ||     2
 Armour: Robe              |    11 |    14 ||    25
  Dodge: Dodged            |    33 |    24 ||    57

Table legend:
 A = Non-vault XP
 B = Vault XP
 C = Vault XP percentage of total XP
 D = Non-vault monster count
 E = Vault monster count
 F = Vault count percentage of total count
                 A         B        C        D         E       F
            +---------+---------+-------+---------+---------+-------
      Total |     260 |     282 |  52.0 |      61 |      10 |  14.1
            +---------+---------+-------+---------+---------+-------
        D:1 |      41 |       0 |   0.0 |      23 |       0 |   0.0
        D:2 |      51 |       7 |  12.1 |      17 |       7 |  29.2
        D:3 |     168 |     275 |  62.1 |      21 |       3 |  12.5
            +---------+---------+-------+---------+---------+-------
